 Dungeon Crawl Stone Soup version 0.21-a0-498-g1b60429 (webtiles) character file.

39 KristoblXynda the Shield-Bearer (level 3, -3/31 HPs)
             Began as a Draconian Fighter on Nov 24, 2017.
             Slain by a gnoll
             ... wielding a +0 halberd
              (5 damage)
             ... on level 2 of the Dungeon.
             The game lasted 00:01:33 (1269 turns).

KristoblXynda the Shield-Bearer (Draconian Fighter) Turns: 1269, Time: 00:01:34

Health: -3/31      AC:  5    Str: 18    XL:     3   Next: 26%
Magic:  3/3        EV: 10    Int:  8    God:
Gold:   27         SH:  9    Dex: 11    Spells: 2/2 levels left

rFire    . . .     SeeInvis .   a - +0 long sword
rCold    . . .     Gourm    .   b - +0 shield
rNeg     . . .     Faith    .   (armour unavailable)
rPois    .         Spirit   .   (helmet restricted)
rElec    .         Reflect  .   (no cloak)
rCorr    .         Harm     .   (no gloves)
MR       .....                  (no boots)
Stlth    +.........             (no amulet)
HPRegen  0.10/turn              (no ring)
MPRegen  0.08/turn              (no ring)

@: no status effects
A: unfitting armour, cold-blooded, AC +5
a: no special abilities


You were on level 2 of the Dungeon.
You were not hungry.

You visited 1 branch of the dungeon, and saw 2 of its levels.

You collected 27 gold pieces.

Inventory:

Hand Weapons
 a - a +0 long sword (weapon)
Armour
 b - a +0 shield (worn)
Jewellery
 g - an uncursed ring of poison resistance {unknown}
Scrolls
 f - 2 scrolls of enchant weapon {unknown}
 i - 3 scrolls of identify {unknown}
 k - 4 scrolls of remove curse {unknown}
 l - a scroll of fear {unknown}
 m - a scroll of magic mapping {unknown}
 o - a scroll of fog {unknown}
Potions
 c - a potion of might
 e - a potion of brilliance {unknown}
 h - 3 potions of heal wounds {unknown}
 n - 2 potions of curing {unknown}
Comestibles
 d - a bread ration
 j - 2 meat rations


   Skills:
 - Level 3.2 Fighting
 * Level 3.0 Long Blades
 + Level 3.0 Dodging
 + Level 3.3 Shields


You had 2 spell levels left.
You didn't know any spells.

Dungeon Overview and Level Annotations

Branches:
Dungeon (2/15)

Altars:


Innate Abilities, Weirdness & Mutations

Your plain brown scales are hard. (AC +5)
You cannot fit into any form of body armour.
You are cold-blooded and may be slowed by cold attacks.


Message History

j - 2 meat rations (gained 1)
You now have 27 gold pieces (gained 8).
A gnoll comes into view. It is wielding a halberd.
A bat comes into view.
There are monsters nearby!
There are monsters nearby!
The bat moves out of view.
The gnoll shouts! 2 gnolls come into view.
There is a stone staircase leading down here.
The gnoll hits you from afar with a halberd.
There is a stone staircase leading down here.
The gnoll hits you with a halberd!!
Ouch! That really hurt!
* * * LOW HITPOINT WARNING * * *
You slash the gnoll!
The gnoll is almost dead.
You block the gnoll's attack.
The gnoll hits you from afar with a halberd.
You die...

# #....# # #....#
# #....# ## #....#
.# ##g### .####
#.# ....# #g#
....# #g#
....############@#
.....##........>.#
......#[..>......#
....#.#..........#
#####...†........#
###..........#
#.[........#
######..........#
##.......#######.#


You could see 3 gnolls.

Vanquished Creatures
  A worm (D:2)
  5 dart slugs
  A giant cockroach (D:2)
  2 goblins
  2 hobgoblins
  A quokka (D:2)
  5 bats
  A frilled lizard (D:2)
  4 kobolds (D:1)
  5 rats (D:1)
27 creatures vanquished.

Notes
Turn   | Place    | Note
-------+----------+-------------------------------------------
     0 | D:1      | KristoblXynda the Draconian Fighter began the quest for the Orb.
     0 | D:1      | Reached XP level 1. HP: 19/19 MP: 1/1
   340 | D:1      | Reached XP level 2. HP: 26/26 MP: 2/2
  1120 | D:2      | Reached XP level 3. HP: 20/31 MP: 3/3
  1269 | D:2      | Slain by a gnoll

Vault maps used:
D:1:      minmay_arrival_four_loops, serial_co_window_serial, co_window_paths_a,
          co_window_paths_a, co_window_corner_a, co_window_corner_a,
          co_window_of_opportunity_a, co_window_of_opportunity_b,
          co_window_2corner, co_window_broadway_c, co_window_of_opportunity_b,
          co_window_broadway_c, glass_columns_a, glass_columns_a,
          glass_columns_a, glass_columns_a, due_unseen_surprise
D:2:      zin_purify

Skill      XL: |  1  2  3 |
---------------+----------+-----
Dodging        | 3 |  3.0
Long Blades    | 3 |  3.0
Fighting       | |  3.2
Shields        | |  3.3

Action                   || total
-------------------------++-------
Melee: Long sword        ||    86
       Tailslap          ||    10
  Eat: Chunk             ||     1
Armor: Skin              ||    40
Dodge: Dodged            ||    43
Block: Shield            ||    53
       Rpst.: Long sword ||     9

Table legend:
 A = Spawn XP
 B = Non-spawn XP
 C = Spawn XP percentage of total XP
 D = Spawn monster count
 E = Non-spawn monster count
 F = Spawn count percentage of total count
 G = Total turns spent on level
                    A         B        C        D         E        F      G
               +---------+---------+-------+---------+---------+-------+---------
         Total |       0 |      56 |   0.0 |       0 |      27 |   0.0 |  1269
               +---------+---------+-------+---------+---------+-------+---------
           D:1 |       0 |      35 |   0.0 |       0 |      18 |   0.0 |  1109
           D:2 |       0 |      21 |   0.0 |       0 |       9 |   0.0 |   160
               +---------+---------+-------+---------+---------+-------+---------
